 Dungeon Crawl Stone Soup version 0.31-a0-1522-g43313d8a59 (webtiles) character file.

Game seed: 17997673099479915357

424 Demosthentine the Ducker (level 6, -3/48 HPs)
             Began as a Demonspawn Gladiator on Dec 7, 2023.
             Slain by Pikel
             ... wielding a +2 whip of freezing
              (8 damage)
             ... on level 4 of the Dungeon on Dec 31, 2023.
             The game lasted 00:03:59 (3107 turns).

Demosthentine the Ducker (Demonspawn Gladiator)     Turns: 3107, Time: 00:04:00

Health: -3/48      AC:  5    Str: 16    XL:     6   Next: 64%
Magic:  6/6        EV: 13    Int: 10    God:
Gold:   214        SH:  0    Dex: 14    Spells: 5/5 levels left

rFire   . . .        a - +1 trident
rCold   + . .        (no shield)
rNeg    . . .        b - +0 leather armour
rPois   .            c - +0 helmet
rElec   .            (no cloak)
rCorr   .            (no gloves)
SInv    +            m - +0 pair of boots
Will    .....        p - amulet of regeneration
Stlth   +            h - ring of see invisible
HPRegen 1.08/turn    n - ring of protection from cold
MPRegen 0.10/turn

%: no passive effects
@: no status effects
A: demonic guardian 2
a: no special abilities


You were on level 4 of the Dungeon.
You visited 1 branch of the dungeon, and saw 4 of its levels.

You collected 214 gold pieces.

Inventory:

Hand Weapons
 a - a +1 trident (weapon)
Missiles
 d - a throwing net (quivered)
 e - a javelin
Armour
 b - a +0 leather armour (worn)
 c - a +0 helmet (worn)
 m - a +0 pair of boots (worn)
Jewellery
 h - a ring of see invisible (left hand)
 n - a ring of protection from cold (right hand)
 p - an amulet of regeneration (around neck)
 q - a +6 ring of strength
Wands
 r - a wand of iceblast (7)
Scrolls
 f - 3 scrolls of identify
Potions
 g - a potion of heal wounds
 i - a potion of lignification {unknown}
 j - a potion of curing {unknown}
 k - a potion of might {unknown}
 l - 2 potions of ambrosia {unknown}
 o - a potion of enlightenment {unknown}
 s - a potion of attraction {unknown}


   Skills:
 + Level 3.9 Fighting
 + Level 4.1 Polearms
 - Level 1.7 Throwing
 + Level 2.8 Armour
 + Level 4.1 Dodging


You had 5 spell levels left.
You didn't know any spells.
Your spell library contained the following spells:

 Spells                   Type           Power      Damage    Failure   Level
 Jinxbite                 Hex            0%         N/A       56%         2
 Dazzling Flash           Conj/Hex       0%         N/A       80%         3
 Inner Flame              Hex/Fire       0%         N/A       80%         3
 Volatile Blastmotes      Fire/Tloc      0%         2d10      80%         3
 Flame Wave               Conj/Fire      0%         2d4       99%         4
 Fulminant Prism          Conj/Alch      0%         3d5       99%         4
 Iskenderun's Mystic Bla  Conj/Tloc      0%         2d3       99%         4
 Sticky Flame             Fire/Alch      0%         2d4       99%         4
 Yara's Violent Unravell  Hex/Alch       0%         3d3       100%        5
 Starburst                Conj/Fire      0%         6d3       100%        6
 Enfeeble                 Hex            0%         N/A       100%        7
 Maxwell's Capacitive Co  Air            0%         ∞         100%        8


Dungeon Overview and Level Annotations

Branches:
Dungeon (4/15)
 Temple: D:4-7

Altars:

Annotations:
D:4 Pikel


Innate Abilities, Weirdness & Mutations

A demonic guardian rushes to your aid.


Message History

Pikel freezes you.
You closely miss Pikel.
Pikel is severely wounded.
Pikel hits you with a +2 whip of freezing!
Pikel freezes you.
You closely miss Pikel.
Pikel is severely wounded.
Pikel hits you with a +2 whip of freezing.
Pikel freezes you.
You puncture Pikel!
Pikel is almost dead.
Pikel hits you with a +2 whip of freezing.
Pikel freezes you.
You completely miss Pikel.
Pikel is almost dead.
Pikel closely misses you.
You miss Pikel.
Pikel is almost dead.
Pikel completely misses you.
You miss Pikel.
Pikel is almost dead.
Pikel hits you with a +2 whip of freezing.
You barely miss Pikel.
Pikel is severely wounded.
Pikel hits you with a +2 whip of freezing!
Pikel freezes you.
* * * LOW HITPOINT WARNING * * *
You hit Pikel but do no damage.
Pikel is severely wounded.
Pikel barely misses you.
You hit Pikel.
Pikel is almost dead.
Pikel hits you with a +2 whip of freezing!
* * * LOW HITPOINT WARNING * * *
A demonic guardian appears!
Pikel freezes you.
* * * LOW HITPOINT WARNING * * *
Pikel attacks as he pursues you!
Pikel hits you with a +2 whip of freezing!
You die...
Pikel says, "See you in Hell!"

#.. ......# #.. ....... #(#
#.... #.###... #.#...# . #.#...#
... #### #.#...###o.... #...
###########.....K.55.... ##...
#..........##..@##5..... .....
#..........##.4.# ..... #....
#..........##...##...... #....
#..........#######...... #....
#..........#.. .... .. #....
#..........#.#####..## # #....
#..........#......... #####
#...................#######
#......<)†.....####.......######


You could see Pikel (ally target), 2 lemures, an orc and a friendly hellwing
(summoned).

Vanquished Creatures
  A phantom (D:4)
  A hound (D:4)
  A jelly (D:4)
  An orc wizard (D:3)
  A gnoll (D:2)
  7 adders
  2 dart slugs
  4 orcs (D:3)
  5 ball pythons
  4 bats
  3 endoplasms (D:2)
  2 giant cockroaches
  4 goblins
  5 hobgoblins
  8 jackals
  2 quokkas
  4 frilled lizards
  6 kobolds
  3 rats
64 creatures vanquished.

Vanquished Creatures (collateral kills)
  An ogre (D:4)
  An orc priest (D:3)
  A ribbon worm (D:2)
  An orc (D:3)
4 creatures vanquished.

Grand Total: 68 creatures vanquished

Notes
Turn   | Place    | Note
-------+----------+-------------------------------------------
     0 | D:1      | Demosthentine the Demonspawn Gladiator began the quest for
                  | the Orb.
     0 | D:1      | Reached XP level 1. HP: 16/16 MP: 1/1
    31 | D:1      | Found a faded altar of an unknown god.
   283 | D:1      | Gained mutation: A weak demonic guardian rushes to your
                  | aid. [demonic ancestry]
   283 | D:1      | Reached XP level 2. HP: 22/22 MP: 2/2
   817 | D:1      | Upgraded the game from 0.31-a0-1074-g0b22e4e0f1 to
                  | 0.31-a0-1522-g43313d8a59
   959 | D:2      | Reached skill level 1 in Armour
   959 | D:2      | Reached XP level 3. HP: 13/28 MP: 3/3
  1345 | D:2      | Identified the +5 dagger of Kebrocs {freeze, Int+5}
  1399 | D:2      | Reached XP level 4. HP: 34/34 MP: 4/4
  2180 | D:3      | Reached XP level 5. HP: 34/41 MP: 5/5
  2441 | D:3      | Identified the +2 dagger of Lyagauh {protect, *Noise rN+
                  | Str+2 Int+3}
  2899 | D:4      | Noticed a phantom
  2913 | D:4      | Killed a phantom
  2914 | D:4      | Gained mutation: A demonic guardian rushes to your aid.
                  | [demonic ancestry]
  2914 | D:4      | Reached XP level 6. HP: 38/47 MP: 6/6
  3079 | D:4      | Noticed Pikel
  3107 | D:4      | Slain by Pikel

Illustrated notes

Levels and vault maps discovered:
D:1:      wander_arrival_peaceful_grave, layout_loops_corners,
          shapermc_ecumenical_altar_pompeii, corexii_hall_statues_l,
          skrybe_limestone_x, serial_bayou_pond_e
D:2:      layout_loops_corners, minmay_circle_x
D:3:      layout_rooms, serial_curves, eino_curves_01, eino_curves_03,
          minmay_misc_feat_cross, feat_on_display
D:4:      layout_basic, temple_statues, nrook_uturn, uniq_sigmund, uniq_pikel

Skill      XL: |  1  2  3  4  5  6 |
---------------+-------------------+-----
Polearms       | 3 4 |  4.1
Dodging        | 3 4 |  4.1
Armour         | 1 2 |  2.8
Fighting       | 3 |  3.9
Throwing       | |  1.7

Action                     |  1- 3 |  4- 6 || total
---------------------------+-------+-------++-------
  Melee: Trident           |    84 |   182 ||   266
         Punch             |     1 |     2 ||     3
  Throw: Throwing net      |       |     2 ||     2
    Use: Scroll            |     1 |     5 ||     6
   Stab: Sleeping          |     1 |       ||     1
         Distracted        |       |     1 ||     1
 Armour: Leather armour    |    36 |   104 ||   140
  Dodge: Dodged            |    46 |   129 ||   175

Table legend: (Time is in decaauts)
 A = Elapsed time spent in this place.
 B = Non-inter-level travel time spent in this place.
 C = Inter-level travel time spent in this place.
 D = Time resting spent in this place.
 E = Time spent auto-exploring this place.
 F = Levels seen in this place.
 G = Mean time per level.
                   A        B        C        D        E       F      G
               +--------+--------+--------+--------+--------+-----+--------+
         Total |   3141 |   3024 |    117 |      0 |   2463 |   4 |  785.2 |
       Dungeon |   3141 |   3024 |    117 |      0 |   2463 |   4 |  785.2 |
               +--------+--------+--------+--------+--------+-----+--------+

Top non-repeatable levels by time:
     D:2: 1066 daAuts
     D:1: 873 daAuts
     D:3: 865 daAuts
     D:4: 335 daAuts
